AoeStats
← OctopusRewind

Scandinavia

510718062Analyzed
1v1 RM · 1d ago on Oct 2, 2026· 42m 19s· 2 players
Game mode
Random Map
Map size
Tiny (2 player)
Population
200
Speed
Normal
Resources
Standard
Victory
Conquest
Starting age
Dark Age
Ending age
Imperial Age
RankedLock teamsTeams togetherTeam positionsShared explorationLock speedFull tech treeHidden civsTurbo modeCheats
Victory
Defeat
🇺🇸 Malians · United States
369
+4
45
-4
cesarrepisofernandez
0:54 Loom
10:48 Feudal Age
13:23 Horse Collar
18:59 Wheelbarrow
24:53 Castle Age
22:59 Gold Mining
23:23 Stone Mining
23:32 Double-Bit Axe
24:22 Fletching
24:25 Town Watch
25:46 Heavy Plow
26:35 Gold Shaft Mining
26:38 Stone Shaft Mining
26:20 Bow Saw
27:51 Fervor
28:40 Sanctity
28:59 Ballistics
28:36 Murder Holes
28:53 Masonry
31:53 Hand Cart
33:17 Town Patrol
33:15 Bodkin Arrow
37:09 Imperial Age
38:51 Chemistry
38:26 Crop Rotation
38:10 Bracer
38:33 Conscription
38:27 Arrowslits
40:02 Scale Mail Armor
40:13 Forging
39:52 Arson
40:07 Squires
39:53 Gambesons
40:36 Siege Engineers
OctopusRewind
2:26 Loom
12:52 Feudal Age
14:12 Wheelbarrow
13:23 Town Watch
13:31 Double-Bit Axe
13:30 Horse Collar
18:33 Man-at-Arms
21:34 Scale Mail Armor
21:46 Forging
21:37 Padded Archer Armor
21:43 Scale Barding Armor
24:49 Fletching
25:10 Arson
26:23 Gold Mining
28:41 Castle Age
27:46 Bloodlines
29:44 Hand Cart
29:29 Town Patrol
29:00 Crossbowman
29:06 Long Swordsman
29:06 Pikeman
29:47 Squires
29:11 Light Cavalry
29:53 Husbandry
33:56 Thumb Ring
38:16 Iron Casting
37:57 Chain Mail Armor
37:38 Bodkin Arrow
37:58 Leather Archer Armor
37:33 Elite Skirmisher
38:40 Chain Barding Armor
39:03 Bow Saw
39:02 Tigui
40:46 Heavy Plow
Connection lost

Rejoining the realm…

Still unreachable

The connection could not be restored.

Session expired

The server has moved on; the page needs a fresh start.